 Dungeon Crawl Stone Soup version 0.23.2-40-g277498a001 (webtiles) character file.

Game seed: 5079273471325290667

139 Emblim88 the Grasshopper (level 5, 0/43 HPs)
             Began as a Gnoll Warper on Aug 19, 2019.
             Was an Initiate of Sif Muna.
             Slain by an iguana (5 damage)
             ... on level 3 of the Dungeon.
             The game lasted 00:06:49 (2320 turns).

Emblim88 the Grasshopper (Gnoll Warper)             Turns: 2320, Time: 00:06:49

Health: 0/43       AC:  9    Str: 13      XL:     5   Next: 22%
Magic:  12/12      EV: 12    Int: 15      God:    Sif Muna [......]
Gold:   168        SH:  0    Dex: 13 (14) Spells: 0/14 levels left

rFire    . . .     SeeInvis .   a - +0 falchion
rCold    . . .     Gourm    .   (no shield)
rNeg     . . .     Faith    .   D - +0 ring mail (curse)
rPois    +         Spirit   .   (no helmet)
rElec    .         Reflect  .   (no cloak)
rCorr    .         Harm     .   (no gloves)
MR       .....                  m - +0 pair of boots
Stlth    +.........             p - amulet of magic regeneration
HPRegen  0.14/turn              l - +2 ring of protection
MPRegen  0.38/turn              C - ring of poison resistance

@: shrouded
A: distributed training, fangs 1, clumsy 1, deterioration 1, shaggy fur 1, wild
magic 1, strong nose
a: Renounce Religion


You were on level 3 of the Dungeon.
You worshipped Sif Muna.
Sif Muna was noncommittal.
You were not hungry.

You visited 1 branch of the dungeon, and saw 4 of its levels.

You collected 168 gold pieces.

Inventory:

Hand Weapons
 a - a +0 falchion (weapon)
 w - a +1 flail of draining
 B - a +0 blowgun
Missiles
 e - 5 tomahawks of dispersal (quivered)
 s - 34 poisoned needles
Armour
 b - a +0 leather armour
 m - a +0 pair of boots (worn)
 D - a cursed +0 ring mail (worn)
Jewellery
 l - a +2 ring of protection (left hand)
 p - an amulet of magic regeneration (around neck)
 y - an uncursed amulet of the gourmand
 C - a ring of poison resistance (right hand)
Wands
 A - a wand of iceblast (7)
Scrolls
 c - a scroll of remove curse
 d - 2 scrolls of blinking
 k - 2 scrolls of teleportation
 o - a scroll of fog
 t - a scroll of noise {unknown}
 u - a scroll of enchant weapon {unknown}
Potions
 g - a potion of curing
 h - 2 potions of heal wounds
 j - a potion of invisibility
 n - a potion of might {unknown}
 q - a potion of mutation
 r - a potion of degeneration {unknown}
 v - a potion of agility {unknown}
 x - a potion of haste {unknown}
 z - a potion of lignification {unknown}
Comestibles
 f - 3 rations


   Skills:
 + Level 4.7 Fighting
 + Level 1.4 Short Blades
 + Level 4.7 Long Blades
 + Level 1.4 Axes
 + Level 1.4 Maces & Flails
 + Level 1.4 Polearms
 + Level 1.4 Staves
 + Level 1.4 Slings
 + Level 1.4 Bows
 + Level 1.4 Crossbows
 + Level 2.9 Throwing
 + Level 2.9 Armour
 + Level 4.7 Dodging
 + Level 1.4 Stealth
 + Level 1.4 Shields
 + Level 1.4 Unarmed Combat
 + Level 5.1 Spellcasting
 + Level 1.1 Conjurations
 + Level 1.1 Hexes
 + Level 1.1 Charms
 + Level 1.1 Summonings
 + Level 1.1 Necromancy
 + Level 5.5 Translocations
 + Level 1.1 Transmutations
 + Level 1.1 Fire Magic
 + Level 1.1 Ice Magic
 + Level 1.1 Air Magic
 + Level 1.1 Earth Magic
 + Level 1.1 Poison Magic
 + Level 1.5 Invocations
 + Level 1.4 Evocations


You couldn't memorise any spells.
You knew the following spells:

 Your Spells              Type           Power        Failure   Level  Hunger
a - Blink                 Tloc           N/A          8%          2    ##.....
b - Passage of Golubria   Tloc           N/A          41%         4    ####...
c - Shroud of Golubria    Chrm/Tloc      ###.......   19%         2    ##.....
d - Teleport Other        Tloc           ####....     14%         3    ###....
e - Lesser Beckoning      Tloc           ####......   14%         3    ###....

Your spell library contained the following spells:

 Spells                   Type           Power        Failure   Level  Hunger
 Gell's Gravitas          Tloc           ####......   14%         3    ###....


Dungeon Overview and Level Annotations

Branches:
Dungeon (4/15)
 Temple: D:4-7

Altars:
Elyvilon
Sif Muna
Zin


Innate Abilities, Weirdness & Mutations

Your experience applies equally to all skills.
You have very sharp teeth.
Your uncanny sense of smell can sniff out nearby items.
You are clumsy. (Dex -2)
Your body sometimes deteriorates upon taking damage.
You are covered in fur. (AC +1)
Your spells are a little harder to cast, but a little more powerful.


Message History

There is a stone staircase leading up here.
The iguana misses you.
You climb upwards.
There is a stone staircase leading down here.
You hit the iguana.
The iguana is moderately wounded.
The iguana bites you but does no damage.
You barely miss the iguana.
The iguana is moderately wounded.
The iguana closely misses you.
You hit the iguana but do no damage.
The iguana is moderately wounded.
The iguana bites you but does no damage.
You hit the iguana but do no damage. You bite the iguana, but do no damage.
The iguana is moderately wounded.
The iguana barely misses you.
You hit the iguana but do no damage.
The iguana is moderately wounded.
The iguana bites you.
You die...

#########.#.# #.###.# # #.#.#
#######.# #.# # #.#.# #.......#
#.# ######.#.#####.####### #.#
#.................######.###
#..........................#
#>.##.#.#####..##.##..#..#.#
#..##.#.#####..##.##..#..#.#
#..##.#.#....@....##..#..#.#
##..##.#.#.###.l.........<#.#
###...##.#....##.........#..#.###
.....##.......[....>.........#...
###...........##.........#.##.###
(....##....#.###...........##.#
.....###.....###..#####..####.#
....## #......................#
#.#.# #....#####.#####......##


You could see an iguana.

Vanquished Creatures
  A howler monkey (D:2)
  3 adders (D:3)
  An ooze (D:1)
  3 leopard geckos
  7 orcs (D:3)
  4 giant cockroaches
  5 hobgoblins
  5 jackals (D:3)
  3 quokkas
  5 bats
  5 frilled lizards
  6 goblins
  4 kobolds
  4 rats
56 creatures vanquished.

Notes
Turn   | Place    | Note
-------+----------+-------------------------------------------
     0 | D:1      | Emblim88 the Gnoll Warper began the quest for the Orb.
     0 | D:1      | Reached XP level 1. HP: 20/20 MP: 6/6
   170 | D:1      | Reached XP level 2. HP: 26/26 MP: 7/7
   948 | D:2      | Reached XP level 3. HP: 31/31 MP: 9/9
  1079 | D:3      | Reached skill level 5 in Spellcasting
  1148 | D:3      | Reached skill level 1 in Invocations
  1321 | D:3      | Reached skill level 1 in Short Blades
  1321 | D:3      | Reached skill level 1 in Axes
  1321 | D:3      | Reached skill level 1 in Maces & Flails
  1321 | D:3      | Reached skill level 1 in Polearms
  1321 | D:3      | Reached skill level 1 in Staves
  1321 | D:3      | Reached skill level 1 in Slings
  1321 | D:3      | Reached skill level 1 in Bows
  1321 | D:3      | Reached skill level 1 in Crossbows
  1321 | D:3      | Reached skill level 1 in Stealth
  1321 | D:3      | Reached skill level 1 in Shields
  1321 | D:3      | Reached skill level 1 in Unarmed Combat
  1321 | D:3      | Reached skill level 1 in Evocations
  1321 | D:3      | Reached XP level 4. HP: 32/38 MP: 11/11
  1382 | D:2      | Reached skill level 1 in Conjurations
  1382 | D:2      | Reached skill level 1 in Hexes
  1382 | D:2      | Reached skill level 1 in Charms
  1382 | D:2      | Reached skill level 1 in Summonings
  1382 | D:2      | Reached skill level 1 in Necromancy
  1382 | D:2      | Reached skill level 1 in Transmutations
  1382 | D:2      | Reached skill level 1 in Fire Magic
  1382 | D:2      | Reached skill level 1 in Ice Magic
  1382 | D:2      | Reached skill level 1 in Air Magic
  1382 | D:2      | Reached skill level 1 in Earth Magic
  1382 | D:2      | Reached skill level 1 in Poison Magic
  1382 | D:2      | Reached XP level 5. HP: 5/43 MP: 12/12
  1955 | D:3      | Found a deep blue altar of Sif Muna.
  1956 | D:3      | Found a white marble altar of Elyvilon.
  1957 | D:3      | Found a glowing silver altar of Zin.
  1972 | D:3      | Became a worshipper of Sif Muna the Loreminder
  1977 | D:3      | Learned a level 2 spell: Blink
  1982 | D:3      | Learned a level 4 spell: Passage of Golubria
  1985 | D:3      | Learned a level 2 spell: Shroud of Golubria
  1989 | D:3      | Learned a level 3 spell: Teleport Other
  1993 | D:3      | Learned a level 3 spell: Lesser Beckoning
  2246 | D:3      | Gained mutation: You are clumsy. (Dex -2) [potion of
                  | mutation]
  2246 | D:3      | Gained mutation: Your body sometimes deteriorates upon
                  | taking damage. [potion of mutation]
  2246 | D:3      | Gained mutation: Your spells are a little harder to cast,
                  | but a little more powerful. [potion of mutation]
  2246 | D:3      | Gained mutation: You are covered in fur. (AC +1) [potion of
                  | mutation]
  2320 | D:3      | Slain by an iguana

Skill      XL: |  1  2  3  4 |
---------------+-------------+-----
Spellcasting   | 5 |  5.1
Invocations    | 1 |  1.5
Short Blades   | 1 |  1.4
Axes           | 1 |  1.4
Maces & Flails | 1 |  1.4
Polearms       | 1 |  1.4
Staves         | 1 |  1.4
Slings         | 1 |  1.4
Bows           | 1 |  1.4
Crossbows      | 1 |  1.4
Stealth        | 1 |  1.4
Shields        | 1 |  1.4
Unarmed Combat | 1 |  1.4
Evocations     | 1 |  1.4
Conjurations   | 1 |  1.1
Hexes          | 1 |  1.1
Charms         | 1 |  1.1
Summonings     | 1 |  1.1
Necromancy     | 1 |  1.1
Transmutations | 1 |  1.1
Fire Magic     | 1 |  1.1
Ice Magic      | 1 |  1.1
Air Magic      | 1 |  1.1
Earth Magic    | 1 |  1.1
Poison Magic   | 1 |  1.1
Fighting       | |  4.7
Long Blades    | |  4.7
Throwing       | |  2.9
Armour         | |  2.9
Dodging        | |  4.7
Translocations | |  5.5

Action                   |  1- 3 |  4- 6 || total
-------------------------+-------+-------++-------
Melee: Falchion          |   101 |    66 ||   167
       Bite              |     9 |    10 ||    19
       Flail             |     5 |    32 ||    37
       Punch             |       |     1 ||     1
 Cast: Shroud of Golubri |       |     1 ||     1
  Use: Potion            |       |     6 ||     6
       Scroll            |       |     4 ||     4
 Stab: Sleeping          |     2 |       ||     2
  Eat: Chunk             |     1 |       ||     1
       Ration            |       |     1 ||     1
Armor: Leather armour    |    30 |    26 ||    56
       Ring mail         |       |     4 ||     4
Dodge: Dodged            |    62 |    87 ||   149
       Rpst.: Falchion   |    22 |    11 ||    33
